Map: Jagannatha LE

Players

Has - Winner!

  • Race: Protoss Protoss
  • Spawn Location: 1:00

DRG

  • Race: Zerg Zerg
  • Spawn Location: 7:00

Event: IEM Katowice 2021

VOD

Have the link to the VOD?

Description

Time

  • Played on: Feb. 20, 2021, 8:36 a.m.
  • Length: 10:13

All games in this series

Show
View Real Time Build Order
Export as new Build Order

Has Protoss - Winner!

Build Orders:  

Get SALT Encoding   

  12  0:00  Probe  
  13  0:12  Probe  
  14  0:17  Pylon  
  14  0:24  Probe  
  15  0:35  Gateway  
  15  0:37  Probe (Chrono Boost)  
  16  0:47  Assimilator, Probe (Chrono Boost)  
  17  0:52  Probe (Chrono Boost)  
  18  1:03  Probe  
  19  1:15  Probe  
  20  1:20  Zealot (Chrono Boost)  
  20  1:24  Cybernetics Core  
  22  1:28  Pylon, Probe  
  23  1:35  Pylon  
  23  1:46  Zealot, Probe  
  26  2:01  Warp Gate  
  26  2:09  Nexus  
  26  2:14  Adept (Chrono Boost)  
  27  2:18  Probe  
  29  2:30  Probe  
  30  2:43  Probe  
  30  2:44  Adept  
  32  2:52  Pylon  
  32  2:55  Probe, Forge  
  33  2:59  Assimilator  
  33  3:06  Gateway  
  33  3:10  Probe  
  34  3:23  Sentry, Probe (Chrono Boost)  
  34  3:26  Probe (Chrono Boost)  
  38  3:28  Protoss Ground Weapons Level 1  
  39  3:34  Probe (Chrono Boost)  
  39  3:35  Probe (Chrono Boost)  
  39  3:38  Pylon  
  39  3:39  Probe (Chrono Boost)  
  39  3:41  Probe (Chrono Boost)  
  42  3:49  Probe  
  42  3:53  Probe  
  44  4:01  Probe  
  43  4:05  Probe  
  42  4:11  Gateway  
  42  4:12  Gateway  
  42  4:16  Pylon, Sentry x2  
  46  4:18  Probe (Chrono Boost)  
  46  4:23  Probe (Chrono Boost)  
  47  4:30  Probe (Chrono Boost)  
  49  4:32  Probe (Chrono Boost)  
  49  4:35  Probe (Chrono Boost), Gateway  
  49  4:37  Gateway  
  50  4:41  Sentry  
  52  4:46  Stalker  
  52  4:47  Probe  
  56  4:52  Probe  
  56  5:00  Pylon  
  56  5:03  Twilight Council  
  56  5:06  Zealot x2  
  60  5:08  Zealot  
  60  5:11  Assimilator  
  62  5:15  Zealot  
  62  5:19  Pylon  
  64  5:34  Robotics Facility  
  64  5:39  Probe  
  64  5:40  Nexus  
  64  5:42  Phoenix  
  66  5:46  Stalker x3  
  66  5:49  Zealot x2  
  75  5:51  Shield Battery, Charge (Chrono Boost)  
  75  6:00  Zealot  
  77  6:04  Shield Battery  
  77  6:06  Probe x2  
  79  6:19  Protoss Ground Weapons Level 2 (Chrono Boost)  
  78  6:26  Pylon x2  
  78  6:27  Pylon  
  78  6:45  Zealot x2  
  78  6:46  Zealot x4  
  70  7:05  Pylon  
  70  7:06  Zealot x6  
  80  7:21  Templar Archives  
  79  7:23  Immortal (Chrono Boost)  
  79  7:28  Zealot x5  
  79  7:29  Zealot  
  95  7:33  Pylon  
  95  7:42  Pylon  
  94  7:58  Warp Prism (Chrono Boost)  
  96  8:00  Zealot  
  98  8:08  Nexus, High Templar x2  
  98  8:09  High Templar x2  
  106  8:13  Pylon, Zealot  
  106  8:15  Archon x2  
  108  8:24  Zealot  
  110  8:29  Shield Battery  
  110  8:35  Zealot  
  112  8:42  Zealot x3  
  118  8:50  High Templar x2  
  118  8:54  Archon  
  122  9:03  Zealot x2  
  126  9:15  Zealot  
  124  9:22  Zealot  
  100  9:32  Zealot x4  
  84  9:46  Zealot x2  
  80  9:53  Probe x2  
  80  9:58  Probe  
  79  10:00  Zealot x6  
Show
View Real Time Build Order
Export as new Build Order

DRG Zerg 

Build Orders: Hatch First 

Get SALT Encoding   

  12  0:00  Drone  
  13  0:12  Overlord  
  13  0:17  Drone  
  14  0:30  Drone x2  
  16  0:54  Drone  
  17  0:58  Hatchery  
  17  0:59  Drone  
  17  1:01  Drone  
  18  1:14  Spawning Pool  
  18  1:15  Extractor  
  16  1:19  Drone  
  16  1:21  Drone  
  18  1:27  Drone  
  19  1:38  Drone  
  20  1:52  Drone  
  21  1:57  Hatchery  
  20  2:02  Queen  
  20  2:07  Overlord  
  22  2:11  Zergling x2  
  23  2:18  Metabolic Boost  
  23  2:21  Zergling x2  
  24  2:24  Zergling x2  
  25  2:33  Drone  
  25  2:46  Drone  
  26  2:54  Drone  
  27  2:58  Hatchery  
  27  3:04  Drone  
  27  3:10  Drone  
  30  3:14  Drone  
  30  3:15  Drone x2  
  30  3:16  Queen  
  33  3:23  Zergling x4  
  35  3:31  Zergling x2  
  35  3:32  Overlord  
  36  3:50  Drone, Queen  
  36  3:51  Drone  
  36  3:52  Drone  
  36  3:54  Drone  
  36  3:55  Queen  
  42  4:02  Drone  
  42  4:08  Drone  
  43  4:11  Queen  
  43  4:12  Drone x2  
  43  4:15  Drone x2  
  49  4:18  Overlord  
  49  4:24  Overlord  
  49  4:26  Roach Warren  
  48  4:31  Drone  
  48  4:35  Extractor, Overlord  
  48  4:36  Extractor  
  48  4:37  Drone x3  
  50  4:40  Drone x2  
  50  4:43  Overlord  
  52  4:47  Overlord  
  52  4:50  Drone  
  53  4:53  Overlord  
  53  4:55  Overlord  
  53  5:06  Roach x4  
  61  5:11  Roach  
  61  5:12  Roach  
  65  5:21  Roach x3  
  71  5:24  Zergling x6  
  71  5:27  Zergling x2  
  75  5:30  Zergling x4  
  75  5:33  Zergling x2  
  75  5:34  Zergling x2  
  79  5:40  Ravager x3  
  79  5:41  Zergling x6, Ravager  
  83  5:46  Zergling x2  
  83  5:47  Zergling x4  
  83  5:49  Ravager  
  87  5:52  Zergling x6  
  90  5:58  Zergling x6  
  90  6:01  Ravager  
  90  6:02  Zergling x4  
  96  6:05  Zergling x4  
  96  6:09  Overlord  
  97  6:23  Zergling x14  
  97  6:28  Zergling x6  
  97  6:32  Zergling x6  
  103  6:34  Ravager  
  103  6:35  Ravager x2  
  103  6:38  Overlord  
  102  6:56  Zergling x16  
  91  7:04  Zergling x10  
  91  7:05  Lair  
  93  7:12  Drone x4  
  96  7:17  Drone x2  
  96  7:18  Drone  
  96  7:22  Drone  
  100  7:24  Drone  
  100  7:27  Evolution Chamber, Drone  
  101  7:31  Roach x2  
  101  7:34  Extractor  
  104  7:37  Roach x3  
  104  7:44  Roach  
  112  7:48  Overlord x2  
  110  7:52  Roach  
  112  7:59  Overlord x2  
  112  8:00  Zerg Missile Weapons Level 1  
  112  8:06  Drone x3  
  112  8:08  Glial Reconstitution  
  112  8:09  Drone x5  
  120  8:19  Roach x3  
  126  8:20  Roach  
  126  8:23  Roach x2  
  130  8:27  Overseer  
  130  8:31  Roach x3  
  130  8:34  Ravager x2  
  138  8:41  Overlord x2  
  138  8:44  Spine Crawler  
  138  8:47  Overlord  
  137  8:48  Ravager  
  137  8:57  Evolution Chamber  
  137  8:58  Evolution Chamber  
  137  8:59  Roach x3  
  137  9:01  Roach x3  
  144  9:11  Roach x6  
  144  9:14  Ravager  
  144  9:18  Roach x3  
  138  9:27  Roach  
  138  9:28  Roach x2  
  121  9:35  Roach x2  
  121  9:37  Roach  
  101  9:40  Roach  
  101  9:44  Roach x2  
  86  9:48  Roach x2  
  86  9:52  Roach  

Tags
 
Add a new tag
Caveats
  • Supply blocks, unpowered buildings, or Contaminate may cause inaccurate times.
  • Supply counts are checked every 10 seconds.